 Dungeon Crawl Stone Soup version 0.31.0-32-g396128a36d (webtiles) character file.

Game seed: 1724648683519181442

56 PaiMei the Grave Robber (level 3, 0/26 HPs)
             Began as a Demonspawn Necromancer on Mar 29, 2024.
             Slain by an orc wizard
             ... wielding a +0 dagger
              (3 damage)
             ... on level 2 of the Dungeon.
             The game lasted 00:02:28 (1998 turns).

PaiMei the Grave Robber (Demonspawn Necromancer)    Turns: 1998, Time: 00:02:29

Health: 0/26       AC:  2    Str:  8    XL:     3   Next: 69%
Magic:  5/6        EV: 12    Int: 17    God:
Gold:   96         SH:  0    Dex: 13    Spells: 3/7 levels left

rFire   . . .        f - +0 mace
rCold   . . .        (no shield)
rNeg    . . .        a - +0 robe
rPois   .            (no helmet)
rElec   .            (no cloak)
rCorr   .            (no gloves)
SInv    .            (no boots)
Will    .....        (no amulet)
Stlth   +            (no ring)
HPRegen 0.24/turn    (no ring)
MPRegen 0.10/turn

%: no passive effects
@: confused
A: hooves 1
a: no special abilities


You were on level 2 of the Dungeon.
You visited 1 branch of the dungeon, and saw 3 of its levels.

You collected 96 gold pieces.

Inventory:

Hand Weapons
 c - a +0 club
 f - a +0 mace (weapon)
Missiles
 j - 2 poisoned darts (quivered)
Armour
 a - a +0 robe (worn)
Jewellery
 k - an amulet of regeneration
Scrolls
 d - a scroll of noise {unknown}
 g - 2 scrolls of revelation {unknown}
 h - 4 scrolls of identify {unknown}
 i - 2 scrolls of enchant weapon {unknown}
 l - a scroll of immolation {unknown}
Potions
 b - a potion of magic
 e - 2 potions of might {unknown}
 m - a potion of haste {unknown}
 n - a potion of curing {unknown}


   Skills:
 + Level 1.2 Fighting
 + Level 2.3 Dodging
 - Level 2.0 Stealth
 + Level 2.5 Spellcasting
 + Level 4.8 Necromancy


You had 3 spell levels left.
You knew the following spells:

 Your Spells              Type           Power      Damage    Failure   Level
a - Necrotise             Necr           72%        1d7       2%          1
b - Vampiric Draining     Necr           18%        2d7       8%          3

Your spell library contained the following spells:

 Spells                   Type           Power      Damage    Failure   Level
 Animate Dead             Necr           18%        N/A       24%         4
 Martyr's Knell           Necr/Summ      10%        N/A       56%         4
 Curse of Agony           Necr           18%        N/A       56%         5


Dungeon Overview and Level Annotations

Branches:
Dungeon (3/15)

Altars:

Shops:
D:2 (


Innate Abilities, Weirdness & Mutations

You have large cloven feet.


Message History

The magic dart hits you!
You hit the orc wizard.
The orc wizard is heavily wounded.
The orc wizard barely misses you.
The orc wizard attacks as it pursues you!
The orc wizard hits you with a +0 dagger.
There is a stone staircase leading up here.
You hit the orc wizard.
You kick the orc wizard, but do no damage.
The orc wizard is severely wounded.
The orc wizard casts a spell at you.
You are confused.
The orc wizard barely misses you.
The orc wizard gestures at you while chanting.
The puff of flame misses you.
You climb upwards.
There is a stone staircase leading down here.
You bump into the rock wall.
The orc wizard points at you and mumbles some strange words.
The magic dart hits you!
* * * LOW HITPOINT WARNING * * *
You're too confused to cast spells.
You're too confused to cast spells.
You're too confused to cast spells.
You're too confused to cast spells.
You hit the orc wizard. Your kick misses the orc wizard.
The orc wizard is almost dead.
The orc wizard hits you with a +0 dagger.
* * * LOW HITPOINT WARNING * * *
You closely miss the orc wizard.
The orc wizard is almost dead.
The orc wizard casts a spell at you.
You are more confused.
You're too confused to cast spells.
The orc wizard completely misses you.
You miss the orc wizard.
The orc wizard is almost dead.
The orc wizard closely misses you.
The orc wizard hits you with a +0 dagger.
You die...

########
##########......#
#>o.............#
#.@#######......#
#..## #.......##
#...## #........##
####+#..## #........##
#........###.#.####.##
#......#.............'
#......#####.#.####.##
#......# #.#.####.##
#......# #........##


You could see an orc wizard.

Vanquished Creatures
  An adder (D:2)
  3 dart slugs
  2 bats
  5 endoplasms
  2 giant cockroaches (D:1)
  3 goblins
  4 hobgoblins
  2 jackals (D:2)
  4 quokkas
  2 ball pythons
  A frilled lizard (D:1)
  2 kobolds
  3 rats
34 creatures vanquished.

Vanquished Creatures (collateral kills)
  A bat (D:2)
1 creature vanquished.

Grand Total: 35 creatures vanquished

Notes
Turn   | Place    | Note
-------+----------+-------------------------------------------
     0 | D:1      | PaiMei the Demonspawn Necromancer began the quest for the
                  | Orb.
     0 | D:1      | Reached XP level 1. HP: 13/13 MP: 3/3
    15 | D:1      | Found a faded altar of an unknown god.
   234 | D:1      | Discovered your monstrous ancestry.
   234 | D:1      | Gained mutation: You have large cloven feet. [demonic
                  | ancestry]
   234 | D:1      | Reached XP level 2. HP: 19/19 MP: 3/5
   986 | D:2      | Reached XP level 3. HP: 22/25 MP: 0/6
  1162 | D:2      | Found Pecy's Weapon Shoppe.
  1183 | D:2      | Reached skill level 1 in Fighting
  1979 | D:3      | Learned a level 3 spell: Vampiric Draining
  1998 | D:2      | Slain by an orc wizard

Illustrated notes

Levels and vault maps discovered:
D:1:      minmay_arrival_stone_box, layout_basic,
          shapermc_ecumenical_altar_starsandcircs
D:2:      layout_basic, serial_shops, shop, minivault_14
D:3:      layout_basic, minitemple, minmay_misc_feat_plants, uniq_terence,
          uniq_sigmund

Skill      XL: |  1  2  3 |
---------------+----------+-----
Stealth        | 2 |  2.0
Dodging        | 2 |  2.3
Fighting       | 1 |  1.2
Spellcasting   | |  2.5
Necromancy     | |  4.8

Action                     || total
---------------------------++-------
  Melee: Club              ||     1
         Mace              ||    18
         Kick              ||     4
   Cast: Necrotise         ||    66
 Armour: Robe              ||    25
  Dodge: Dodged            ||    22
